 Dungeon Crawl Stone Soup version 0.27-a0-1188-g73eefd5def (webtiles) character file.

Game seed: 4541284703181034797

5 chippings the Grave Robber (level 1, 13/13 HPs)
             Began as a Mummy Necromancer on May 20, 2021.
             Was a Follower of Jiyva.
             Quit the game on level 1 of the Dungeon.
             The game lasted 00:00:32 (348 turns).

chippings the Grave Robber (Mummy Necromancer)       Turns: 348, Time: 00:00:33

Health: 13/13      AC:  2    Str: 11    XL:     1   Next: 66%
Magic:  4/4        EV: 12    Int: 14    God:    Jiyva [*.....]
Gold:   15         SH:  0    Dex: 12    Spells: 5/6 levels left

rFire    x . .     SeeInvis .   (no weapon)
rCold    + . .     Faith    .   (no shield)
rNeg     + + +     Spirit   .   a - +0 robe
rPois    ∞         Reflect  .   (no helmet)
rElec    .         Harm     .   (no cloak)
rCorr    .         Rampage  .   (no gloves)
Will     .....                  (no boots)
Stlth    ++........             (no amulet)
HPRegen  0.04/turn              (no ring)
MPRegen  0.09/turn              (no ring)

@: no status effects
A: cold resistance 1, negative energy resistance 3, torment resistance 2, heat
vulnerability 1, no potions
a: Renounce Religion, Request Jelly


You were on level 1 of the Dungeon.
You worshipped Jiyva.
Jiyva was aware of your devotion.
You visited 1 branch of the dungeon, and saw 1 of its levels.

You collected 15 gold pieces.

Inventory:

Armour
 a - a +0 robe (worn)


   Skills:
 - Level 1.5 Dodging
 - Level 1.5 Stealth
 + Level 3.0 Spellcasting
 + Level 4.1 Necromancy


You had 5 spell levels left.
You knew the following spells:

 Your Spells              Type           Power      Damage    Failure   Level
a - Pain                  Necr           52%        1d6       3%          1

Your spell library contained the following spells:

 Spells                   Type           Power      Damage    Failure   Level
 Animate Skeleton         Necr           26%        N/A       3%          1
 Vampiric Draining        Necr           6%         2d6       12%         3
 Animate Dead             Necr           6%         N/A       36%         4
 Agony                    Necr           13%        N/A       71%         5


Dungeon Overview and Level Annotations

Branches:
Dungeon (1/15)

Altars:
Jiyva


Innate Abilities, Weirdness & Mutations

You are immune to poison.
Your flesh is cold resistant. (rC+)
You are immune to negative energy. (rN+++)
You are immune to unholy pain and torment.
You are vulnerable to heat. (rF-)
You do not drink.


Message History

Nothing appears to happen.
The dart slug launches a dart at you. The slug dart hits you.
* * * LOW HITPOINT WARNING * * *
Aiming: Pain (safe; 4% risk of failure)
Press: ? - help, Q - select action Shift-Dir - straight line, f/p - dart slug
Aim: a dart slug (chance to affect: 83%)
The dart slug barely resists.
Unknown command.
Your magical contamination has completely faded away.
The dart slug launches a dart at you. The slug dart misses you.
The dart slug launches a dart at you. The slug dart misses you.
A dart slug is nearby!
Aiming: Pain (safe; 4% risk of failure)
Press: ? - help, Q - select action Shift-Dir - straight line, f/p - dart slug
Aim: a dart slug (chance to affect: 83%)
The dart slug writhes in agony.
Unknown command.
Aiming: Pain (safe; 4% risk of failure)
Press: ? - help, Q - select action Shift-Dir - straight line, f/p - dart slug
Aim: a dart slug (severely wounded, chance to affect: 83%)
The dart slug barely resists.
Unknown command.
Aiming: Pain (safe; 4% risk of failure)
Press: ? - help, Q - select action Shift-Dir - straight line, f/p - dart slug
Aim: a dart slug (severely wounded, chance to affect: 83%)
The dart slug writhes in agony.
You kill the dart slug!
Your Spellcasting skill increases to level 3!
You see here a dart slug corpse.
HP restored.
Found a faded altar of an unknown god.
There is a faded altar of an unknown god here.
You cannot tell which god this altar belongs to.
Convert to them anyway?
Jiyva accepts your prayer! Jiyva welcomes you! Jiyva grants you a jelly!
You can now request a jelly.
Are you sure you want to abandon this character and quit the game? (Confirm with "yes".) #.##P..##.# #.# #.P.P.PP# ##.### ###...P...### #....# #.#.....PP#.# ##.#.# #PPP.PPP..#

###.# #....PP..P#
#.# #PP.P....P# #.#
#P.PP.PJ..# #.#
#####@##### #.#
#PP...PP..# #.#
#P.PP.PPP.########.#
#........P#........#
#..P..PP..#######.w#
#.#...P...#.# #..# #
###P.PP..P### #..###
#P.P..PP# #..##.
#.....


You could see a neutral jelly (wandering) (fellow slime).

Vanquished Creatures
  A dart slug (D:1)
  An endoplasm (D:1)
  A bat (D:1)
  A goblin (D:1)
4 creatures vanquished.

Notes
Turn   | Place    | Note
-------+----------+-------------------------------------------
     0 | D:1      | chippings the Mummy Necromancer began the quest for the
                  | Orb.
     0 | D:1      | Reached XP level 1. HP: 13/13 MP: 4/4
   339 | D:1      | Found a faded altar of an unknown god.
   347 | D:1      | Became a worshipper of Jiyva Jacut the Shapeless
   347 | D:1      | Reached * piety under Jiyva
   348 | D:1      | Quit the game

Illustrated notes

Levels and vault maps discovered:
D:1:      saegor_arrival_simple_b, layout_loops_ring,
          shapermc_ecumenical_altar_gd

Skill      XL: |  1 |
---------------+----+-----
Spellcasting   | 3 |  3.0
Dodging        | |  1.5
Stealth        | |  1.5
Necromancy     | |  4.1

Action                   || total
-------------------------++-------
 Cast: Pain              ||     8
Armor: Robe              ||     1
Dodge: Dodged            ||     6

Table legend: (Time is in decaauts)
 A = Elapsed time spent in this place.
 B = Non-inter-level travel time spent in this place.
 C = Inter-level travel time spent in this place.
 D = Time resting spent in this place.
 E = Time spent auto-exploring this place.
 F = Levels seen in this place.
 G = Mean time per level.
                   A        B        C        D        E       F      G
               +--------+--------+--------+--------+--------+-----+--------+
         Total |    348 |    348 |      0 |      0 |    276 |   1 |  348.0 |
       Dungeon |    348 |    348 |      0 |      0 |    276 |   1 |  348.0 |
               +--------+--------+--------+--------+--------+-----+--------+

Top non-repeatable levels by time:
     D:1: 348 daAuts
